 Dungeon Crawl Stone Soup version 0.30-a0-1160-g6e42c06551 (webtiles) character file.

Game seed: 3525599692520176253

208 Maxmaps the Insei (level 5, 0/41 HPs)
             Began as a Demonspawn Monk on Apr 26, 2023.
             Slain by a gnoll
             ... wielding a +0 spear
             ... led by a gnoll bouda
              (6 damage)
             ... on level 4 of the Dungeon.
             The game lasted 00:02:18 (2607 turns).

Maxmaps the Insei (Demonspawn Monk)                 Turns: 2607, Time: 00:02:19

Health: 0/41       AC:  5    Str: 12    XL:     5   Next: 55%
Magic:  0/5        EV: 16    Int: 15    God:
Gold:   105        SH:  0    Dex: 15    Spells: 4/4 levels left

rFire   . .          .
                       - Unarmed
rCold   . . .        c - orb {light}
rNeg    . . .        l - +0 ring mail
rPois   .            (no helmet)
rElec   .            (no cloak)
rCorr   .            (no gloves)
SInv    .            (no boots)
Will    .....        u - amulet of guardian spirit
Stlth   +            s - +5 ring of evasion
HPRegen 0.26/turn    (no ring)
MPRegen 0.09/turn

%: guardian spirit
@: glowing
A: claws 1, big brain 1
a: no special abilities


You were on level 4 of the Dungeon.
You visited 1 branch of the dungeon, and saw 4 of its levels.

You collected 105 gold pieces.

Inventory:

Armour
 a - a +0 robe
 c - an orb of light (worn)
 l - a +0 ring mail (worn)
Jewellery
 s - a +5 ring of evasion (left claw)
 u - an amulet of guardian spirit (around neck)
Scrolls
 e - 4 scrolls of identify {unknown}
 f - a scroll of torment {unknown}
 g - 2 scrolls of magic mapping {unknown}
 j - a scroll of enchant weapon {unknown}
 k - 5 scrolls of teleportation {unknown}
 n - a scroll of vulnerability {unknown}
 p - a scroll of blinking {unknown}
 r - a scroll of enchant armour {unknown}
 t - a scroll of noise {unknown}
 v - a scroll of amnesia {unknown}
 x - a scroll of silence {unknown}
Potions
 h - a potion of lignification {unknown}
 i - a potion of degeneration {unknown}
 m - 2 potions of attraction {unknown}
 o - a potion of haste {unknown}
 q - a potion of brilliance {unknown}
 w - 2 potions of flight {unknown}


   Skills:
 - Level 3.0 Fighting
 - Level 2.6 Dodging
 + Level 5.8 Unarmed Combat


You had 4 spell levels left.
You didn't know any spells.
Your spell library contained the following spells:

 Spells                   Type           Power      Damage    Failure   Level
 Apportation              Tloc           0%         N/A       52%         1
 Necrotise                Necr           0%         1d4       52%         1
 Summon Small Mammal      Summ           0%         N/A       52%         1
 Tukima's Dance           Hex            0%         N/A       88%         3
 Passage of Golubria      Tloc           0%         N/A       99%         4
 Yara's Violent Unravell  Hex/Tmut       0%         3d3       100%        5


Dungeon Overview and Level Annotations

Branches:
Dungeon (4/15)
 Temple: D:4-7

Altars:


Innate Abilities, Weirdness & Mutations

You have sharp fingernails.
You have an unusually large brain. (Int +2)


Message History

The gnoll hits you with a +0 halberd!
* * * LOW HITPOINT WARNING * * *
You scratch the gnoll.
The gnoll is severely wounded.
The gnoll misses you. x2
The endoplasm jiggles.
You scratch the gnoll.
The gnoll is almost dead.
The gnoll misses you. The gnoll closely misses you.
You feel better.
The gnoll hits you from afar with a +0 spear.
* * * LOW HITPOINT WARNING * * *
The gnoll misses you.
You claw the gnoll!
You kill the gnoll!
The gnoll misses you. The endoplasm misses you. The gnoll closely misses you.
Things that are here:
a +0 halberd; a gnoll corpse You scratch the endoplasm.
The endoplasm is severely wounded.
The endoplasm closely misses you. The gnoll hits you with a +0 spear.
* * * LOW HITPOINT WARNING * * *
You scratch the endoplasm.
The endoplasm is almost dead.
The endoplasm closely misses you.
You claw the endoplasm!
You kill the endoplasm!
The gnoll misses you.
You scratch the gnoll.
The gnoll is heavily wounded.
The gnoll hits you with a +0 spear.
* * * LOW HITPOINT WARNING * * *
You completely miss the gnoll.
The gnoll is heavily wounded.
The gnoll completely misses you.
You scratch the gnoll.
The gnoll is severely wounded.
The gnoll hits you with a +0 spear!
You die...

######## #......# #########
#.#.#### #........
########....### #........
............'.#####........
#######.....#..)@.#.g......
....###.....#####g#........
..#.....†...# #.'.J......
......#.#...# ###........
#.......#...# #........
...##.###...# #..).....
......###..... #........
........#....(. #........
##............. #........


You could see a gnoll.

Vanquished Creatures
  A hound (D:3)
  A gnoll bouda (D:4)
  Jessica (D:3)
  An iguana (D:4)
  4 gnolls (D:4)
  An adder (D:2)
  3 worms
  A dart slug (D:1)
  4 endoplasms
  A giant cockroach (D:1)
  2 goblins
  7 hobgoblins
  A quokka (D:1)
  5 ball pythons
  4 bats
  2 frilled lizards (D:1)
  4 kobolds
  5 rats
48 creatures vanquished.

Notes
Turn   | Place    | Note
-------+----------+-------------------------------------------
     0 | D:1      | Maxmaps the Demonspawn Monk began the quest for the Orb.
     0 | D:1      | Reached XP level 1. HP: 18/18 MP: 1/1
    77 | D:1      | Reached skill level 3 in Unarmed Combat
   114 | D:1      | Gained mutation: You have sharp fingernails. [demonic
                  | ancestry]
   114 | D:1      | Reached XP level 2. HP: 17/24 MP: 2/2
  1239 | D:2      | Gained mutation: You have an unusually large brain. (Int
                  | +2) [demonic ancestry]
  1239 | D:2      | Reached XP level 3. HP: 19/29 MP: 3/3
  1306 | D:2      | Reached skill level 4 in Unarmed Combat
  1738 | D:3      | Reached XP level 4. HP: 28/35 MP: 4/4
  1778 | D:3      | Noticed Jessica
  1784 | D:3      | Killed Jessica
  2046 | D:3      | Reached skill level 5 in Unarmed Combat
  2529 | D:4      | Reached XP level 5. HP: 41/41 MP: 5/5
  2607 | D:4      | Slain by a gnoll

Illustrated notes

Levels and vault maps discovered:
D:1:      saegor_arrival_simple_a, layout_basic, hangedman_decor_opposing,
          glass_columns_b, nrook_mini_backslash
D:2:      layout_rooms
D:3:      layout_basic, uniq_jessica
D:4:      black_bear_nest_1, layout_basic, minmay_temple_entry_gardened_gates

Skill      XL: |  1  2  3  4 |
---------------+-------------+-----
Unarmed Combat | 3 4 5 |  5.8
Fighting       | |  3.0
Dodging        | |  2.6

Action                     |  1- 3 |  4- 6 || total
---------------------------+-------+-------++-------
  Melee: Unarmed           |   100 |    55 ||   155
    Use: Potion            |       |     4 ||     4
 Armour: Robe              |     6 |       ||     6
         Ring mail         |    25 |     4 ||    29
  Dodge: Dodged            |    70 |    72 ||   142

Table legend: (Time is in decaauts)
 A = Elapsed time spent in this place.
 B = Non-inter-level travel time spent in this place.
 C = Inter-level travel time spent in this place.
 D = Time resting spent in this place.
 E = Time spent auto-exploring this place.
 F = Levels seen in this place.
 G = Mean time per level.
                   A        B        C        D        E       F      G
               +--------+--------+--------+--------+--------+-----+--------+
         Total |   2596 |   2364 |    232 |     80 |   1932 |   4 |  649.0 |
       Dungeon |   2596 |   2364 |    232 |     80 |   1932 |   4 |  649.0 |
               +--------+--------+--------+--------+--------+-----+--------+

Top non-repeatable levels by time:
     D:1: 1206 daAuts
     D:3: 864 daAuts
     D:2: 439 daAuts
     D:4: 86 daAuts
